 Dungeon Crawl Stone Soup version 0.30.1-9-gdf580d7c3d (webtiles) character file.

Game seed: 6293352044259421876

171 Ijustatesigmund the Digger (level 5, 0/34 HPs)
             Began as a Gargoyle Earth Elementalist on Oct 16, 2023.
             Slain by a goblin
             ... wielding a +0 dagger
             ... led by Robin
              (2 damage)
             ... on level 3 of the Dungeon.
             The game lasted 00:04:00 (2897 turns).

Ijustatesigmund the Digger (GrEE)                   Turns: 2897, Time: 00:04:01

Health: 0/34       AC:  6    Str: 12    XL:     5   Next: 51%
Magic:  9/9        EV: 11    Int: 17    God:
Gold:   165        SH:  0    Dex: 10    Spells: 6/10 levels left

rFire   . . .        f - staff of conjuration
rCold   . . .        (no shield)
rNeg    + . .        a - +0 robe
rPois   ∞            (no helmet)
rElec   +            (no cloak)
rCorr   .            (no gloves)
SInv    .            (no boots)
Will    .....        (no amulet)
Stlth   ++           (no ring)
HPRegen 0.25/turn    (no ring)
MPRegen 0.11/turn

%: no passive effects
@: attractive, flying, hasted, invisible, very quick
A: sickness immunity, AC +4, negative energy resistance 1, electricity
resistance, torment resistance 1, petrification resistance, robust 1, no potion
heal 1
a: no special abilities


You were on level 3 of the Dungeon.
You visited 1 branch of the dungeon, and saw 5 of its levels.

You collected 165 gold pieces.

Inventory:

Hand Weapons
 p - a +0 morningstar
Armour
 a - a +0 robe (worn)
Magical Staves
 f - a staff of conjuration (weapon)
Wands
 x - a wand of mindburst (10)
Scrolls
 c - 7 scrolls of teleportation {unknown}
 d - 2 scrolls of blinking {unknown}
 h - a scroll of amnesia {unknown}
 i - a scroll of vulnerability {unknown}
 k - a scroll of brand weapon {unknown}
 l - a scroll of fog {unknown}
 m - a scroll of immolation {unknown}
 q - a scroll of identify {unknown}
 t - a scroll of enchant armour {unknown}
 w - a scroll of torment {unknown}
Potions
 b - a potion of magic
 g - 4 potions of curing {unknown}
 j - a potion of lignification {unknown}
 n - 2 potions of flight
 o - a potion of degeneration {unknown}
 r - a potion of invisibility
 u - a potion of attraction
 v - a potion of heal wounds {unknown}


   Skills:
 + Level 2.6 Fighting
 - Level 1.5 Dodging
 - Level 2.1 Stealth
 + Level 3.1 Spellcasting
 + Level 2.1 Conjurations
 - Level 0.7 Transmutations
 + Level 4.8 Earth Magic


You had 6 spell levels left.
You knew the following spells:

 Your Spells              Type           Power      Damage    Failure   Level
a - Sandblast             Erth           38%        2d10      2%          1
b - Stone Arrow           Conj/Erth      42%        3d9       12%         3

Your spell library contained the following spells:

 Spells                   Type           Power      Damage    Failure   Level
 Passwall                 Tmut/Erth      10%        N/A       9%          2
 Petrify                  Tmut/Erth      12%        N/A       47%         4


Dungeon Overview and Level Annotations

Branches:
Dungeon (5/15)
 Temple: D:4-7

Altars:
Makhleb
Trog
Wu Jian

Shops:
D:2 (

Annotations:
D:3 Robin


Innate Abilities, Weirdness & Mutations

You are immune to sickness and miasma.
Your stone body is resilient. (AC +4)
You are immune to poison.
You resist negative energy. (rN+)
You are resistant to electric shocks. (rElec)
You are resistant to unholy torment.
You are immune to petrification.
You are robust. (+10% HP)
Potions are less effective at restoring your health.


Message History

The goblin barely misses you.
The goblin hits you with a +0 dagger of freezing.
The goblin freezes you.
Unknown command.
Okay, then.
You closely miss the goblin. The goblin hits you with a +0 dagger.
The goblin closely misses you.
The goblin hits you with a +0 dagger of freezing.
The goblin freezes you.
You closely miss the goblin. The goblin misses you.
The goblin hits you but does no damage. x2; The goblin completely misses you.
The goblin closely misses you. The goblin completely misses you.
You closely miss the goblin. The goblin hits you with a +0 dagger.
* * * LOW HITPOINT WARNING * * *
The goblin hits you but does no damage. x2
Unknown command.
It was a potion of flight.
You feel very buoyant.
You fly up into the air.
The goblin barely misses you. The goblin hits you but does no damage.
The goblin hits you with a +0 dagger of freezing.
* * * LOW HITPOINT WARNING * * *
The goblin freezes you.
* * * LOW HITPOINT WARNING * * *
It was a potion of mutation.
You feel extremely strange.
Your system partially rejects the healing effects of potions.
You feel robust.
The goblin hits you but does no damage. x2; The goblin closely misses you.
It was a potion of invisibility.
You fade into invisibility!
The goblin hits you with a +0 dagger.
* * * LOW HITPOINT WARNING * * *
The goblin closely misses you. x2
It was a potion of attraction.
You feel attractive to monsters. The goblin barely misses you.
The goblin closely misses you. The goblin barely misses you.
It was a potion of haste.
You feel yourself speed up. The goblin barely misses you.
The goblin hits you with a +0 dagger.
You die...

########## ....ggg@g#
#####.###########g#
....^.... ..##.# #####.###
#.##.# #####
####...#######.##.# ##...##
#...........##.##.####.###.#
#.##...####....÷.......# #.#
#.###.#.....##.##.####.###.#
#.#.....##...#.##.# #....##


You could see Robin (unable to see you) and 4 goblins.

Vanquished Creatures
  An iguana (D:5)
  Terence (D:3)
  4 adders
  3 worms
  3 dart slugs
  2 orcs (D:3)
  5 ball pythons
  9 endoplasms
  2 giant cockroaches
  7 goblins
  8 hobgoblins (D:1)
  A quokka (D:1)
  6 bats
  2 frilled lizards
  5 kobolds
  5 rats (D:1)
  A spectral hobgoblin (D:1)
65 creatures vanquished.

Notes
Turn   | Place    | Note
-------+----------+-------------------------------------------
     0 | D:1      | Ijustatesigmund the Gargoyle Earth Elementalist began the
                  | quest for the Orb.
     0 | D:1      | Reached XP level 1. HP: 10/10 MP: 3/3
   129 | D:1      | Reached XP level 2. HP: 16/16 MP: 3/5
   158 | D:1      | Reached skill level 1 in Fighting
   231 | D:1      | Reached skill level 4 in Earth Magic
   593 | D:1      | Reached XP level 3. HP: 19/20 MP: 3/6
   597 | D:1      | Learned a level 3 spell: Stone Arrow
   921 | D:1      | Found a faded altar of an unknown god.
  1186 | D:2      | Found Uriorom's Weapon Shoppe.
  1199 | D:2      | Reached skill level 1 in Conjurations
  1237 | D:2      | Reached XP level 4. HP: 25/26 MP: 4/7
  1804 | D:3      | Found an ornate altar of the Wu Jian Council.
  1843 | D:3      | You fall into a shaft and drop 2 floors!
  1843 | D:5      | Entered Level 5 of the Dungeon
  1865 | D:5      | Reached XP level 5. HP: 31/31 MP: 4/9
  2219 | D:3      | Noticed Terence
  2266 | D:3      | Killed Terence
  2581 | D:3      | Found a burning altar of Makhleb.
  2766 | D:3      | Found a bloodstained altar of Trog.
  2882 | D:3      | Noticed Robin
  2894 | D:3      | Gained mutation: Potions are less effective at restoring
                  | your health. [potion of mutation]
  2894 | D:3      | Gained mutation: You are robust. (+10% HP) [potion of
                  | mutation]
  2897 | D:3      | Slain by a goblin

Illustrated notes

Levels and vault maps discovered:
D:1:      amcnicky_arrival_underground_garden, layout_basic,
          dreamdust_ecumenical_altar_drowned_temple, serial_park_tiny_1,
          nicolae_titane
D:2:      layout_rooms, serial_shops, nicolae_shop_hallway_plus
D:3:      layout_loops_ring, mainiacjoe_overflow_paths, lightli_temple_of_fire,
          nicolae_overflow_crystal_walls, uniq_terence, uniq_robin
D:4:      layout_rooms, serial_shops, shop
D:5:      layout_loops_cross, nicolae_qazlal_eye_of_the_storm,
          ebering_ghost_sewer_d, dreamdust_mushroom_princess, fountainhead

Skill      XL: |  1  2  3  4  5 |
---------------+----------------+-----
Fighting       | 1 2 |  2.6
Earth Magic    | 4 |  4.8
Conjurations   | 1 2 |  2.1
Spellcasting   | 3 |  3.1
Dodging        | |  1.5
Stealth        | |  2.1
Transmutations | |  0.7

Action                     |  1- 3 |  4- 6 || total
---------------------------+-------+-------++-------
  Melee: Staff             |    34 |    22 ||    56
         Punch             |     2 |       ||     2
   Cast: Sandblast         |    52 |    34 ||    86
         Stone Arrow       |       |     4 ||     4
    Use: Potion            |       |     5 ||     5
 Armour: Robe              |    12 |    18 ||    30
  Dodge: Dodged            |    27 |    38 ||    65
